AoeStats
← bugger

Black Forest

511033066Analyzed
2v2 RM · 3h ago on Oct 3, 2026· 85m 26s· 4 players
Game mode
Random Map
Map size
Medium (4 player)
Population
200
Speed
Normal
Resources
Standard
Victory
Conquest
Starting age
Dark Age
Ending age
Imperial Age
RankedLock teamsTeams togetherTeam positionsShared explorationLock speedFull tech treeHidden civsTurbo modeCheats
Victory
Defeat
🇻🇳 Sicilians · Vietnam
820
+18
🇨🇦 Bengalis · Canada
805
+42
🇹🇷 Franks · Türkiye
877
-55
🇹🇷 Britons · Türkiye
837
-17
nguyenthanhsang.a750
0:29 Loom
12:09 Feudal Age
12:42 Horse Collar
14:20 Double-Bit Axe
16:19 Gold Mining
18:38 Scale Mail Armor
18:37 Fletching
19:16 Stone Mining
24:47 Castle Age
25:56 Bow Saw
27:40 Stone Shaft Mining
28:57 Gold Shaft Mining
29:03 Wheelbarrow
29:31 Fletching
31:09 Hand Cart
32:45 Bloodlines
33:03 Murder Holes
34:08 Ballistics
35:03 Heavy Plow
35:11 Scale Barding Armor
35:14 Bodkin Arrow
38:43 Imperial Age
36:38 Devotion
38:06 Chain Barding Armor
37:57 Padded Archer Armor
38:20 Husbandry
39:22 Forging
39:20 Elite Skirmisher
40:04 Cavalier
41:16 Bracer
41:56 Squires
41:23 Pikeman
43:16 Chain Mail Armor
43:17 Leather Archer Armor
43:38 Plate Barding Armor
44:38 Chemistry
45:05 Plate Mail Armor
45:10 Iron Casting
45:02 Town Watch
44:59 Halberdier
46:39 Crop Rotation
48:35 Arson
50:03 Blast Furnace
55:01 Heavy Scorpion
62:30 Crossbowman
63:06 Arrowslits
64:26 Onager
64:41 Onager
69:53 Conscription
72:04 Capped Ram
74:18 Siege Ram
75:14 Siege Engineers
75:21 Masonry
78:53 First Crusade
80:10 Elite Serjeant
81:28 Hoardings
Robins03
20:35 Feudal Age
21:15 Horse Collar
21:26 Double-Bit Axe
22:28 Wheelbarrow
24:22 Man-at-Arms
24:48 Arson
28:23 Bloodlines
32:52 Loom
50:22 Castle Age
50:06 Town Watch
52:02 Husbandry
51:23 Light Cavalry
52:24 Hand Cart
51:55 Town Watch
52:00 Gambesons
52:15 Squires
51:36 Long Swordsman
51:43 Elite Skirmisher
53:29 Bow Saw
53:16 Stone Mining
53:18 Pikeman
54:55 Gold Mining
56:08 Padded Archer Armor
55:59 Fletching
56:16 Scale Barding Armor
56:11 Scale Mail Armor
61:10 Crossbowman
63:14 Gold Shaft Mining
62:44 Town Patrol
64:38 Masonry
64:20 Guard Tower
64:41 Fortified Wall
64:27 Murder Holes
BurakEmmi31
12:17 Feudal Age
14:06 Wheelbarrow
13:44 Double-Bit Axe
18:22 Loom
19:32 Horse Collar
20:09 Gold Mining
21:54 Arson
24:41 Castle Age
24:49 Arson
28:22 Fletching
33:42 Hand Cart
40:10 Bow Saw
42:43 Bodkin Arrow
42:15 Crossbowman
43:32 Padded Archer Armor
44:43 Leather Archer Armor
45:18 Yeomen
49:37 Ballistics
71:07 Heavy Plow
76:03 Town Watch
79:30 Imperial Age
81:10 Imperial Age
bugger
13:32 Feudal Age
16:29 Double-Bit Axe
18:47 Scale Barding Armor
18:53 Forging
20:55 Castle Age
20:15 Forging
21:00 Gold Mining
21:02 Stone Mining
23:08 Gold Shaft Mining
24:58 Wheelbarrow
24:09 Town Watch
30:58 Hand Cart
30:47 Town Patrol
30:35 Loom
33:30 Chain Barding Armor
33:45 Iron Casting
33:15 Husbandry
32:35 Light Cavalry
32:46 Crossbowman
35:44 Elite Skirmisher
36:34 Scale Mail Armor
36:34 Padded Archer Armor
36:24 Fletching
41:14 Imperial Age
40:17 Ordonnance Companies
41:29 Cavalier
42:25 Chivalry
42:46 Conscription
42:23 Treadmill Crane
43:06 Ballistics
43:50 Chemistry
42:36 Arrowslits
42:53 Paladin
48:08 Devotion
48:30 Heresy
48:07 Herbal Medicine
48:48 Theocracy
49:42 Elite Throwing Axeman
69:52 Masonry
69:40 Murder Holes
69:57 Fortified Wall
73:21 Caravan
73:52 Coinage
Connection lost

Rejoining the realm…

Still unreachable

The connection could not be restored.

Session expired

The server has moved on; the page needs a fresh start.